Map: Catalyst LE

Players

INnoVation - Winner!

  • Race: Terran Terran
  • Spawn Location: 11:00

uThermal

  • Race: Terran Terran
  • Spawn Location: 5:00

Event: IEM Season 12 - Katowice

VOD

Have the link to the VOD?

Description

Time

  • Played on: March 1, 2018, 1:20 p.m.
  • Length: 11:14

All games in this series

Show
View Real Time Build Order
Export as new Build Order

INnoVation Terran - Winner!

Build Orders: 1/1/1, Cyclone Opening 

Get SALT Encoding   

  12  0:00  SCV  
  13  0:12  SCV  
  14  0:17  Supply Depot  
  14  0:24  SCV  
  15  0:28  Refinery  
  15  0:38  SCV  
  16  0:44  Barracks  
  16  0:50  SCV  
  16  0:55  Refinery  
  17  1:03  SCV  
  18  1:15  SCV  
  19  1:31  Reaper, Orbital Command  
  20  1:35  Factory  
  20  1:44  Supply Depot  
  20  1:56  SCV  
  21  2:03  Reaper  
  22  2:08  SCV  
  23  2:18  Hellion  
  23  2:21  SCV, Starport  
  26  2:31  Supply Depot  
  26  2:33  SCV  
  26  2:36  Barracks Tech Lab  
  27  2:39  Cyclone  
  30  2:45  SCV  
  32  2:58  SCV  
  32  3:04  Banshee  
  35  3:16  Barracks Reactor  
  35  3:23  Cyclone  
  36  3:29  Command Center  
  36  3:32  Supply Depot  
  33  3:54  Marine x2  
  35  3:55  Cyclone  
  35  4:02  SCV  
  36  4:12  Marine x2  
  35  4:23  Banshee  
  36  4:27  SCV  
  36  4:30  Marine x2  
  38  4:36  Bunker  
  38  4:50  Marine x2  
  37  4:56  Cyclone  
  36  5:00  SCV  
  36  5:09  Marine x2  
  38  5:23  SCV  
  38  5:27  Marine x2  
  44  5:28  Cyclone  
  44  5:36  Supply Depot  
  43  5:45  Supply Depot  
  43  5:50  Bunker  
  43  5:58  Marine x2  
  45  6:06  Cyclone  
  49  6:16  Marine x2  
  49  6:17  Cloaking Field  
  51  6:22  Banshee  
  53  6:30  Supply Depot  
  53  6:36  Marine  
  53  6:37  Marine  
  55  6:52  Cyclone  
  58  6:57  Supply Depot  
  58  7:00  Marine  
  58  7:01  Marine  
  53  7:18  Marine x2  
  53  7:19  Banshee  
  54  7:31  Cyclone  
  57  7:39  Marine x2  
  53  7:57  Marine  
  53  7:58  Marine  
  41  8:01  Banshee  
  41  8:03  Factory Tech Lab  
  41  8:04  SCV  
  37  8:16  SCV  
  35  8:22  Siege Tank  
  35  8:26  Marine x2  
  38  8:28  SCV  
  39  8:40  SCV  
  40  8:44  Banshee  
  40  8:46  Marine  
  40  8:47  Marine  
  45  8:55  Siege Tank  
  45  9:16  Command Center  
  45  9:27  Banshee  
  46  9:39  Siege Tank  
  46  9:41  SCV  
  49  9:47  Marine  
  49  9:48  Marine  
  51  9:53  SCV  
  52  10:05  SCV  
  53  10:07  Marine x2  
  53  10:10  Banshee  
  58  10:18  SCV  
  56  10:22  Siege Tank  
  59  10:30  SCV  
  57  10:36  Marine x2  
  57  10:42  SCV  
  60  10:45  Orbital Command  
  63  11:00  SCV  
Show
View Real Time Build Order
Export as new Build Order

uThermal Terran 

Build Orders: Cyclone Opening 

Get SALT Encoding   

  12  0:01  SCV  
  13  0:13  SCV  
  14  0:18  Supply Depot  
  14  0:25  SCV  
  14  0:27  Refinery  
  15  0:40  SCV  
  16  0:44  Barracks  
  16  0:52  SCV  
  17  0:57  Refinery  
  17  1:04  SCV  
  18  1:16  SCV  
  19  1:31  Reaper, Orbital Command  
  20  1:37  Factory  
  20  1:54  Factory  
  20  2:03  Supply Depot  
  20  2:05  Reaper  
  21  2:09  SCV  
  22  2:25  Cyclone  
  25  2:37  Marine  
  25  2:38  Supply Depot  
  25  2:39  Cyclone  
  29  2:48  SCV  
  30  2:55  Marine  
  31  2:59  Cyclone  
  34  3:08  Supply Depot  
  34  3:17  Cyclone  
  37  3:25  Marine  
  37  3:26  SCV  
  39  3:39  Cyclone  
  41  3:52  Marine  
  41  3:53  Cyclone  
  40  4:10  Marine  
  40  4:11  Cyclone  
  44  4:28  Marine  
  44  4:30  Cyclone  
  46  4:42  Supply Depot  
  43  4:45  SCV  
  43  4:47  Command Center  
  41  4:57  Cyclone  
  40  5:05  SCV  
  38  5:17  SCV  
  39  5:24  Cyclone  
  42  5:30  SCV  
  43  5:41  Cyclone  
  44  5:46  SCV  
  40  6:10  Orbital Command  
  38  6:19  SCV  
  39  6:33  Cyclone  
  39  6:36  SCV  
  43  6:46  SCV  
  44  6:54  Cyclone  
  34  7:23  SCV  
  34  7:26  SCV  
  36  7:42  Marine  
  36  7:43  Hellion  
  39  7:46  SCV  
  25  8:12  SCV  
  24  8:21  SCV  
  24  8:25  SCV  
  26  8:33  SCV  
  27  8:45  Cyclone  
  27  8:50  SCV  
  20  9:07  SCV  
  19  9:15  SCV  
  20  9:24  SCV  
  20  9:31  SCV  
  21  9:36  SCV  
  22  9:43  SCV  
  23  9:51  SCV  
  24  9:55  SCV  
  25  10:03  SCV  
  24  10:12  SCV  
  20  10:22  SCV  
  21  10:34  SCV  
  20  10:39  Cyclone  
  23  10:52  SCV  
  23  10:57  SCV  

Tags
 
Add a new tag
Caveats
  • Supply blocks, unpowered buildings, or Contaminate may cause inaccurate times.
  • Supply counts are checked every 10 seconds.